Construct Infanterie Kompanie
Construct Panzergrenadier Kompanie
Pak 40 Anti-tank Gun Team
Selects Mechanized Battlegroup
Selects Wespe Self-propelled Artillery
Wespe Self-propelled Artillery
Wespe Self-propelled Artillery
Wespe Self-propelled Artillery
Selects Zeroing Artillery Barrage
Construct Panzer Kompanie
Zeroing Artillery Barrage
Zeroing Artillery Barrage
Selects StuG Assault Group
Wespe Self-propelled Artillery